 Dungeon Sprint DCSS version 0.23.1 (webtiles) character file.

Game seed: 4501047774213571372

2191 nuthulu the Grappler (level 9, -10/101 HPs)
             Began as a Troll Monk on Mar 4, 2019.
             Was a Believer of Qazlal.
             Mangled by a harpy (13 damage)
             ... summoned by Kirke
             ... in the Dungeon (Sprint II: "The Violet Keep of Menkaure").
             The game lasted 00:03:00 (718 turns).

nuthulu the Grappler (Troll Monk)                    Turns: 718, Time: 00:03:00

Health: -10/101    AC:  0    Str: 24    XL:     9   Next: 12%
Magic:  3/11       EV: 20    Int:  6    God:    Qazlal [**....]
Gold:   75         SH:  3    Dex: 12    Spells: 8/8 levels left

rFire    . . .     SeeInvis .     - Unarmed
rCold    . . .     Gourm    +   (shield currently unavailable)
rNeg     . . .     Faith    .   (armour currently unavailable)
rPois    .         Spirit   .   (helmet currently unavailable)
rElec    .         Reflect  .   (cloak currently unavailable)
rCorr    .         Harm     .   (gloves unavailable)
MR       .....     NoTele   +   (boots unavailable)
Stlth    +.........             (no amulet)
HPRegen  0.66/turn              (ring currently unavailable)
MPRegen  0.12/turn              (ring currently unavailable)

@: pig-form, very quick
A: small, unfitting armour, fast metabolism 3, gourmand, regeneration 1
a: Upheaval, Renounce Religion


You were in the Dungeon.
You worshipped Qazlal.
Qazlal was pleased with you.
You were completely stuffed.
You were a filthy swine.
You visited 1 branch You collected 729 gold pieces.
You spent 654 gold pieces at shops.

Inventory:

Armour
 a - a +0 robe (melded)
Jewellery
 j - the ring of Aroixi (melded) {rElec rPois Dex+3 SInv}
   (You bought it in a shop in the Dungeon)

   [ring of see invisible]

   It affects your dexterity (+3).
   It insulates you from electricity.
   It protects you from poison.
   It lets you see invisible.
Scrolls
 h - a scroll of blinking
Potions
 c - a potion of curing
 d - a potion of heal wounds
 f - 2 potions of magic
 g - a potion of berserk rage
Comestibles
 b - 2 rations
 i - 2 chunks of flesh


   Skills:
 + Level 10.1 Fighting
 + Level 10.0 Dodging
 - Level 1.0 Stealth
 + Level 11.7 Unarmed Combat
 + Level 5.2 Invocations


You had 8 spell levels left.
You didn't know any spells.
Your spell library was empty.

Dungeon Overview and Level Annotations

Branches:
Dungeon (1/1)

Altars:
Cheibriados
Dithmenos
Elyvilon
Fedhas
Gozag
Hepliaklqana
Kikubaaqudgha
Makhleb
Nemelex Xobeh
Okawaru
Qazlal
Ru
Sif Muna
Trog
Uskayaw
Vehumet
Wu Jian
Xom
Yredelemnul
Zin
The Shining One
Beogh
Jiyva
Lugonu

Shops:
D ?%:[![!(:=!}=%!(

Annotations:
D exclusion: oklob plant, Kirke


Innate Abilities, Weirdness & Mutations

You are too large for most types of armour.
((You have claws for hands.))
Your metabolism is lightning-fast.
You like to eat raw meat.
Your natural rate of healing is unusually fast.
((You are covered in fur. (AC +1)))
((You have extremely tough skin. (AC +3)))


Message History

The harpy completely misses you.
Unknown command.
There is an open door here.
You block the harpy's attack. The harpy claws you!
* * * LOW HITPOINT WARNING * * *
You feel much better.
The harpy screeches!
The harpy completely misses you. The harpy claws you! Something hits you!
* * * LOW HITPOINT WARNING * * *
Unknown command.
Unknown command.
You hit something. The harpy claws you.
* * * LOW HITPOINT WARNING * * *
The harpy closely misses you. Something hits you!
* * * LOW HITPOINT WARNING * * *
Unknown command.
Unknown command.
Unknown command.
The harpy claws you!
You die...

Kc.≈## ○○zz.
############c≈#++○#+++##
###########≈≈@...°cHH..#
##........#≈≈≈≈.##°##..#
##....⌠...#≈≈≈≈##c..##.####
##...∩.∩..#≈≈≈≈#..#E.#....#
##..∩.∩.∩.#≈≈####{#.####..##
##.∩.∩.∩.∩#≈##.###'## .##..#
##∩.∩...∩.#≈#h#{##.##.w$#..#
##.∩.....∩+≈H###HH<.+# +..###
##∩.......#≈#.#.##.##w..#....#
#▓▓▓▓▓▓▓###≈##H###'## .##.....
##(FE######≈≈####.#.## #≈≈....
#?.F#[ ##≈≈≈#..#..#≈≈≈≈≈≈§.
#∩P?+($ +#≈###.###≈≈≈§≈≈≈§
#/[$#?## ≈≈##+##≈≈≈≈§≈≈≈≈
#$$.###.. ≈≈ ≈≈≈§§≈≈≈§§


You could see a harpy.

Vanquished Creatures
  A yaktaur (D)
  3 polar bears (D)
  A hornet (D)
  2 hippogriffs (D)
  Menkaure (D)
  4 necrophages (D)
  4 worker ants (D)
16 creatures vanquished.

Vanquished Creatures (others)
  A centaur warrior (D)
  A crocodile (D)
2 creatures vanquished.

Grand Total: 18 creatures vanquished

Notes
Turn   | Place    | Note
-------+----------+-------------------------------------------
     0 | D        | nuthulu the Troll Monk began the quest for the Orb.
     0 | D        | Reached XP level 1. HP: 22/22 MP: 0/0
     1 | D        | Noticed a hippogriff
     1 | D        | Noticed a hippogriff
     4 | D        | Noticed a necrophage
     4 | D        | Noticed a necrophage
     4 | D        | Noticed a necrophage
     4 | D        | Noticed a necrophage
    15 | D        | Killed a crocodile
    20 | D        | Killed a necrophage
    20 | D        | Reached skill level 5 in Unarmed Combat
    20 | D        | Reached XP level 2. HP: 28/33 MP: 1/1
    20 | D        | Reached XP level 3. HP: 35/41 MP: 2/2
    20 | D        | Reached XP level 4. HP: 42/49 MP: 3/3
    27 | D        | Killed a necrophage
    27 | D        | Reached skill level 5 in Fighting
    27 | D        | Reached skill level 5 in Dodging
    27 | D        | Reached skill level 7 in Unarmed Combat
    27 | D        | Reached XP level 5. HP: 47/58 MP: 4/4
    33 | D        | Killed a necrophage
    33 | D        | Reached XP level 6. HP: 45/67 MP: 5/5
    38 | D        | Reached skill level 8 in Unarmed Combat
   250 | D        | Noticed a tyrant leech
   250 | D        | Noticed a tyrant leech
   261 | D        | Killed a hippogriff
   261 | D        | Reached skill level 9 in Unarmed Combat
   261 | D        | Reached XP level 7. HP: 63/79 MP: 6/6
   265 | D        | Killed a hippogriff
   265 | D        | Reached skill level 10 in Unarmed Combat
   344 | D        | Found Zukiro's Food Shoppe.
   344 | D        | Found Aheygumi's Distillery.
   344 | D        | Found Gycuggus's Gadget Emporium.
   344 | D        | Found Foeghid's Book Shoppe.
   344 | D        | Found Jastrerish's Jewellery Emporium.
   344 | D        | Found Qifeagg's Jewellery Shoppe.
   344 | D        | Found Hiuwno's Distillery.
   344 | D        | Found Warphymyl's Weapon Emporium.
   345 | D        | Found Wutzatoj's Distillery.
   345 | D        | Found Ulaw's Antique Armour Emporium.
   345 | D        | Noticed a spiny frog
   347 | D        | Found Ydexzor's Antique Weapon Emporium.
   347 | D        | Noticed a spiny frog
   348 | D        | Found Hyeraite's Distillery.
   348 | D        | Found Reogunn's Antique Armour Emporium.
   348 | D        | Noticed Menkaure
   348 | D        | Noticed an oklob plant
   349 | D        | Found Pywudd's Food Shoppe.
   349 | D        | Found Xikong's Magic Scroll Emporium.
   349 | D        | Found Gotyotah's Book Shoppe.
   351 | D        | Noticed an iron elemental
   364 | D        | Killed Menkaure
   442 | D        | Bought the ring of Aroixi {rElec rPois Dex+3 SInv} for 474
                  | gold pieces
   450 | D        | Bought 3 potions of heal wounds for 180 gold pieces
   464 | D        | Noticed a flying skull
   468 | D        | Noticed a flying skull
   468 | D        | Noticed a flying skull
   468 | D        | Noticed a flying skull
   468 | D        | Noticed a flying skull
   468 | D        | Noticed a flying skull
   468 | D        | Noticed a flying skull
   468 | D        | Noticed a flying skull
   469 | D        | Noticed a flying skull
   469 | D        | Noticed a flying skull
   469 | D        | Noticed a flying skull
   469 | D        | Noticed a flying skull
   480 | D        | Found a blossoming altar of Fedhas.
   481 | D        | Found a white marble altar of Elyvilon.
   481 | D        | Found an opulent altar of Gozag.
   481 | D        | Found a burning altar of Makhleb.
   482 | D        | Found a shadowy altar of Dithmenos.
   482 | D        | Found a corrupted altar of Lugonu.
   483 | D        | Found a snail-covered altar of Cheibriados.
   483 | D        | Found an ancient bone altar of Kikubaaqudgha.
   483 | D        | Found a bloodstained altar of Trog.
   483 | D        | Found a sparkling altar of Nemelex Xobeh.
   483 | D        | Found a hide-covered altar of Uskayaw.
   484 | D        | Found a roughly hewn altar of Beogh.
   484 | D        | Found a viscous altar of Jiyva.
   484 | D        | Found a deep blue altar of Sif Muna.
   485 | D        | Found a hazy altar of Hepliaklqana.
   485 | D        | Found a sacrificial altar of Ru.
   486 | D        | Found a shimmering altar of Xom.
   487 | D        | Found a stormy altar of Qazlal.
   487 | D        | Found an ornate altar of the Wu Jian Council.
   487 | D        | Found a basalt altar of Yredelemnul.
   487 | D        | Found a glowing golden altar of the Shining One.
   487 | D        | Noticed a hornet
   487 | D        | Noticed a polar bear
   488 | D        | Found a radiant altar of Vehumet.
   488 | D        | Found an iron altar of Okawaru.
   488 | D        | Found a glowing silver altar of Zin.
   488 | D        | Noticed a yaktaur
   488 | D        | Noticed a polar bear
   496 | D        | Became a worshipper of Qazlal Stormbringer
   496 | D        | Reached * piety under Qazlal
   496 | D        | Reached ** piety under Qazlal
   505 | D        | Killed a polar bear
   505 | D        | Reached XP level 8. HP: 68/92 MP: 6/8
   510 | D        | Killed a hornet
   512 | D        | Killed a yaktaur
   512 | D        | Reached skill level 11 in Unarmed Combat
   527 | D        | Killed a polar bear
   527 | D        | Reached *** piety under Qazlal
   529 | D        | Noticed a polar bear
   637 | D        | Killed a polar bear
   637 | D        | Reached XP level 9. HP: 101/101 MP: 11/11
   676 | D        | Noticed Kirke
   676 | D        | Noticed a yaktaur captain
   676 | D        | Noticed a skeletal warrior
   677 | D        | Noticed a centaur warrior
   677 | D        | Noticed a kobold demonologist
   698 | D        | Noticed a harpy
   698 | D        | Noticed a harpy
   698 | D        | Noticed a harpy
   707 | D        | Killed a centaur warrior
   707 | D        | Reached skill level 10 in Fighting
   707 | D        | Reached skill level 10 in Dodging
   707 | D        | Reached skill level 5 in Invocations
   717 | D        | HP: 3/101 [something (16)]
   718 | D        | Mangled by a harpy

Skill      XL: |  1  2  3  4  5  6  7  8  9 |
---------------+----------------------------+-----
Fighting       | 4 5 6 8 9 10 | 10.1
Dodging        | 4 5 6 8 9 10 | 10.0
Unarmed Combat | 5 7 9 10 11 | 11.7
Invocations    | 2 4 5 |  5.2
Stealth        | |  1.0

Action                   |  1- 3 |  4- 6 |  7- 9 || total
-------------------------+-------+-------+-------++-------
Melee: Unarmed           |    15 |    38 |    44 ||    97
       Punch             |       |     2 |     1 ||     3
Invok: Upheaval          |       |       |     1 ||     1
       Elemental Force   |       |       |     1 ||     1
  Use: Potion            |       |       |     4 ||     4
  Eat: Chunk             |       |     4 |     8 ||    12
Armor: Robe              |     3 |     7 |    13 ||    23
Dodge: Dodged            |     7 |    15 |    60 ||    82
Block: Other             |       |       |    11 ||    11
